 Dungeon Crawl Stone Soup version 0.30-a0-782-ge64f9170bb (webtiles) character file.

Game seed: 7386307960585313836

1213 Dirtsage the Cleaver (level 8, 0/57 (58) HPs)
             Began as a Demonspawn Fighter on Mar 3, 2023.
             Was an Initiate of Okawaru.
             Killed from afar by a steam dragon (15 damage)
             ... with a ball of steam
             ... on level 6 of the Dungeon.
             The game lasted 00:09:05 (4930 turns).

Dirtsage the Cleaver (Demonspawn Fighter)           Turns: 4930, Time: 00:09:06

HP:   0/57 (58)     AC: 14    Str: 19    XL:     8   Next: 22%
MP:   8/8           EV:  6    Int:  9    God:    Okawaru [......]
Gold: 309           SH:  4    Dex: 13    Spells: 7/7 levels left

rFire   . . .      SeeInvis .    x - +0 war axe (elec)
rCold   + . .      Faith    .    c - +0 buckler
rNeg    . . .      Spirit   .    m - +0 chain mail
rPois   .          Reflect  .    (helmet restricted)
rElec   .          Harm     .    (no cloak)
rCorr   .          Rampage  .    (no gloves)
Will    .....                    (no boots) Stlth
                                 y - amulet of regeneration
HPRegen 1.09/turn                I - ring of protection from cold
MPRegen 0.11/turn                b - +4 ring of protection

@: lightly drained
A: antennae 2, yellow scales 1, condensation shield
a: Renounce Religion


You were on level 6 of the Dungeon.
You worshipped Okawaru.
Okawaru was noncommittal.
You visited 2 branches of the dungeon, and saw 7 of its levels.

You collected 309 gold pieces.

Inventory:

Hand Weapons
 x - a +0 war axe of electrocution (weapon)
 A - a +5 morningstar
Missiles
 C - 3 curare-tipped darts (quivered)
Armour
 c - a +0 buckler (worn)
 m - a +0 chain mail (worn)
 w - +0 gold dragon scales
Jewellery
 b - a +4 ring of protection (right hand)
 h - a ring of fire
 y - an amulet of regeneration (around neck)
 F - a ring of protection from fire
 I - a ring of protection from cold (left hand)
Wands
 a - a wand of light (3)
 d - a wand of flame (31)
Scrolls
 f - a scroll of acquirement {unknown}
 g - a scroll of enchant weapon {unknown}
 i - 2 scrolls of magic mapping {unknown}
 k - 4 scrolls of identify {unknown}
 l - 4 scrolls of teleportation {unknown}
 n - 2 scrolls of vulnerability {unknown}
 o - 4 scrolls of fear {unknown}
 p - 4 scrolls of blinking {unknown}
 r - 2 scrolls of enchant armour {unknown}
 s - a scroll of summoning {unknown}
 t - a scroll of brand weapon {unknown}
 u - a scroll of poison {unknown}
 v - a scroll of fog {unknown}
Potions
 e - 2 potions of curing {unknown}
 j - a potion of magic {unknown}
 q - 2 potions of mutation {unknown}
 z - a potion of heal wounds {unknown}
 B - a potion of lignification {unknown}


   Skills:
 - Level 3.0 Fighting
 + Level 9.3 Axes
 - Level 2.6 Armour
 - Level 2.6 Shields


You had 7 spell levels left.
You didn't know any spells.
Your spell library contained the following spells:

 Spells                   Type           Power      Damage    Failure   Level
 Beastly Appendage        Tmut           0%         N/A       100%        1
 Shock                    Conj/Air       0%         1d3       100%        1
 Ensorcelled Hibernation  Hex/Ice        0%         N/A       100%        2
 Lesser Beckoning         Tloc           0%         N/A       100%        2
 Wereblood                Tmut           0%         N/A       100%        2
 Gell's Gravitas          Tloc           0%         N/A       100%        3
 Spider Form              Tmut/Pois      0%         N/A       100%        3
 Swiftness                Air            0%         N/A       100%        3
 Teleport Other           Tloc           0%         N/A       100%        3
 Airstrike                Air            0%         2d(0-16)  100%        4
 Anguish                  Hex/Necr       0%         N/A       100%        4


Dungeon Overview and Level Annotations

Branches:
Dungeon (6/15)             Temple (1/1) D:6

Altars:
Ashenzari
Cheibriados
Dithmenos
Fedhas
Gozag
Hepliaklqana
Makhleb
Nemelex Xobeh
Okawaru
Qazlal
Ru
Sif Muna
Uskayaw
Vehumet
Wu Jian
Xom
Yredelemnul

Annotations:
D:4 1 runed translucent door, zurenarrh's ghost, novice FoRe


Innate Abilities, Weirdness & Mutations

You have a pair of antennae on your head.
You are partially covered in yellow scales. (AC +2)
A meltable shield of frost defends you. (SH +0)


Message History

You are engulfed in a cloud of scalding steam.
* * * LOW HITPOINT WARNING * * *
The steam dragon barely misses you.
The steam dragon claws you but does no damage.
The necrophage hits you but does no damage.
You take 2 damage, and have 17/57 hp.
You closely miss the steam dragon.
The steam dragon is heavily wounded.
You closely miss the necrophage.
You are engulfed in a cloud of scalding steam.
You block the necrophage's attack. The steam dragon bites you.
* * * LOW HITPOINT WARNING * * *
The steam dragon claws you but does no damage.
The steam dragon bites you.
* * * LOW HITPOINT WARNING * * *
The steam dragon barely misses you. The necrophage barely misses you.
You take 2 damage, and have 15/57 hp.
You closely miss the steam dragon.
The steam dragon is heavily wounded.
You barely miss the necrophage.
The necrophage hits you but does no damage.
The steam dragon bites you but does no damage.
You block the steam dragon's attack.
You barely miss the steam dragon.
The steam dragon is heavily wounded.
You hit the necrophage.
Lightning courses through the necrophage!
You block the necrophage's attack. The steam dragon bites you.
* * * LOW HITPOINT WARNING * * *
The steam dragon claws you but does no damage.
You take 2 damage, and have 14/57 hp.
You closely miss the steam dragon.
The steam dragon is heavily wounded.
You hit the necrophage but do no damage.
Lightning courses through the necrophage!
You destroy the necrophage!
Okawaru accepts your kill. The steam dragon breathes steam at you.
The ball of steam hits you!
You die...

..# # #. ..# # ..#..# #
#.#.#..## . # ##.
#.#..... .. #####..##..
#.#.#..##.# ))......+..
+...........
#####..##...#.#.#†.#....
.......##...#.#.@>......
#####............D......
#####.#######>..........
................##.#....
...............## .# ...
#####.#######..# .# ..
#####.#######..###.#. .
.....................
#......####.#..##..#.


You could see a steam dragon (catching breath).

Vanquished Creatures
  Menkaure (D:4)
  A water moccasin (D:5)
  An ice beast (D:6)
  A black bear (D:4)
  A sky beast (D:3)
  An ogre (D:4)
  Blork the orc (D:4)
  2 scorpions
  2 necrophages (D:6)
  A hound (D:3)
  A jelly (D:4)
  An orc priest (D:4)
  Ijyb (D:3)
  An iguana (D:5)
  5 orc wizards
  5 adders
  2 worms
  2 dart slugs
  9 orcs
  3 ball pythons
  5 bats
  4 endoplasms
  5 giant cockroaches
  9 goblins
  3 hobgoblins
  4 kobolds
  5 quokkas
  4 frilled lizards
  5 rats
86 creatures vanquished.

Notes
Turn   | Place    | Note
-------+----------+-------------------------------------------
     0 | D:1      | Dirtsage the Demonspawn Fighter began the quest for the
                  | Orb.
     0 | D:1      | Reached XP level 1. HP: 18/18 MP: 1/1
    85 | D:1      | Reached skill level 2 in Axes
   113 | D:1      | Gained mutation: You have a pair of small antennae on your
                  | head. [demonic ancestry]
   113 | D:1      | Reached XP level 2. HP: 9/24 MP: 2/2
   255 | D:1      | You fall into a shaft and drop 1 floor!
   638 | D:1      | Reached skill level 3 in Axes
  1051 | D:2      | Noticed a scorpion
  1060 | D:2      | Killed a scorpion
  1061 | D:2      | Reached skill level 4 in Axes
  1061 | D:2      | Reached XP level 3. HP: 29/29 MP: 3/3
  1061 | D:2      | Reached XP level 4. HP: 35/35 MP: 4/4
  1731 | D:3      | Gained mutation: A meltable shield of frost defends you.
                  | (SH +0) [demonic ancestry]
  1731 | D:3      | Reached XP level 5. HP: 41/41 MP: 5/5
  1823 | D:3      | Reached skill level 5 in Axes
  2714 | D:4      | Noticed a black bear
  2723 | D:4      | Killed a black bear
  2724 | D:4      | Reached skill level 6 in Axes
  2724 | D:4      | Gained mutation: You have a pair of antennae on your head.
                  | [demonic ancestry]
  2724 | D:4      | Reached XP level 6. HP: 32/47 MP: 6/6
  2997 | D:4      | Noticed zurenarrh's ghost (novice FoRe)
  3029 | D:4      | Found a runed translucent door.
  3267 | D:4      | Noticed Ijyb
  3271 | D:4      | Noticed a sky beast
  3286 | D:3      | Killed Ijyb
  3290 | D:3      | Killed a sky beast
  3291 | D:3      | Reached skill level 7 in Axes
  3291 | D:3      | Gained mutation: You are partially covered in yellow
                  | scales. (AC +2) [demonic ancestry]
  3291 | D:3      | Reached XP level 7. HP: 12/52 MP: 7/7
  3555 | D:4      | Noticed Blork the orc
  3562 | D:4      | Killed Blork the orc
  3603 | D:4      | Noticed Menkaure
  3610 | D:4      | Killed Menkaure
  3858 | D:5      | Entered Level 5 of the Dungeon
  3905 | D:5      | Identified the +0 robe of Suiq Kuq {rC+ Stlth+ Archmagi}
  4068 | D:5      | Reached skill level 8 in Axes
  4098 | D:5      | Identified the +0 leather armour of Awe {Int+4}
  4189 | D:5      | Found an iron altar of Okawaru.
  4217 | D:5      | Became a worshipper of Warmaster Okawaru
  4296 | D:5      | Found a shimmering altar of Xom.
  4706 | D:6      | Found a staircase to the Ecumenical Temple.
  4718 | D:6      | Reached XP level 8. HP: 58/58 MP: 8/8
  4724 | Temple   | Entered the Ecumenical Temple
  4861 | D:6      | Reached skill level 9 in Axes
  4930 | D:6      | Killed from afar by a steam dragon

Illustrated notes

Levels and vault maps discovered:
D:1:      minmay_arrival_jagged, layout_loops_corners,
          chequers_serial_rivers_small_3, minmay_heptomino_h4
D:2:      layout_rooms, st_stairs_12
D:3:      layout_basic, kennysheep_generic_room_15
D:4:      layout_basic, hellmonk_ghost_happy_afterlife, uniq_blork_the_orc,
          uniq_ijyb, uniq_menkaure
D:5:      layout_cave_pods, kennysheep_little_box,
          mainiacjoe_overflow_small_starburst, overflow_temple_1_default,
          st_stairs_8
D:6:      layout_basic, lemuel_round_altar,
          mainiacjoe_overflow_concentric_impassable, minmay_temple_entry_waves
Temple:   nicolae_temple_superstar

Skill      XL: |  1  2  3  4  5  6  7  8 |
---------------+-------------------------+-----
Axes           | 2 4 6 7 8 9 |  9.3
Fighting       | |  3.0
Armour         | |  2.6
Shields        | |  2.6

Action                     |  1- 3 |  4- 6 |  7- 9 || total
---------------------------+-------+-------+-------++-------
  Melee: War axe           |    72 |   156 |   110 ||   338
    Use: Potion            |     1 |     1 |       ||     2
 Armour: Scale mail        |    27 |       |       ||    27
         Chain mail        |    10 |   102 |    60 ||   172
  Dodge: Dodged            |    34 |    51 |    17 ||   102
  Block: Buckler           |    11 |    44 |    34 ||    89

Table legend: (Time is in decaauts)
 A = Elapsed time spent in this place.
 B = Non-inter-level travel time spent in this place.
 C = Inter-level travel time spent in this place.
 D = Time resting spent in this place.
 E = Time spent auto-exploring this place.
 F = Levels seen in this place.
 G = Mean time per level.
                   A        B        C        D        E       F      G
               +--------+--------+--------+--------+--------+-----+--------+
         Total |   5018 |   4828 |    190 |     25 |   3919 |   7 |  716.9 |
       Dungeon |   4924 |   4746 |    178 |     25 |   3854 |   6 |  820.7 |
        Temple |     93 |     81 |     12 |      0 |     65 |   1 |   93.0 |
               +--------+--------+--------+--------+--------+-----+--------+

Top non-repeatable levels by time:
     D:3: 1233 daAuts
     D:4: 1211 daAuts
     D:1: 968 daAuts
     D:5: 851 daAuts
     D:2: 523 daAuts
     D:6: 136 daAuts
  Temple: 93 daAuts
